AoeStats
← Robin

Arabian Desert

510118573Analyzed
1v1 RM · 19h ago on Sep 29, 2026· 59m 52s· 2 players
Game mode
Random Map
Map size
Tiny (2 player)
Population
200
Speed
Normal
Resources
Standard
Victory
Conquest
Starting age
Dark Age
Ending age
Imperial Age
RankedLock teamsTeams togetherTeam positionsShared explorationLock speedFull tech treeHidden civsTurbo modeCheats
Victory
Defeat
🇷🇴 Magyars · Romania
1055
+16
🇬🇧 Britons · United Kingdom
1061
-16
ValiZa
6:25 Loom
9:24 Feudal Age
11:43 Double-Bit Axe
20:56 Castle Age
19:41 Gold Mining
19:39 Horse Collar
20:19 Bloodlines
20:23 Fletching
20:34 Padded Archer Armor
21:34 Scale Barding Armor
23:46 Bodkin Arrow
26:50 Bow Saw
29:01 Husbandry
33:25 Imperial Age
32:16 Ballistics
33:26 Wheelbarrow
35:03 Thumb Ring
37:51 Hand Cart
37:22 Town Watch
37:31 Capped Ram
38:30 Leather Archer Armor
39:36 Chemistry
39:26 Parthian Tactics
40:42 Ring Archer Armor
40:42 Stone Mining
41:01 Bracer
44:16 Conscription
45:54 Recurve Bow
46:51 Light Cavalry
49:51 Corvinian Army
49:53 Scale Mail Armor
50:13 Chain Barding Armor
51:22 Heavy Cavalry Archer
51:31 Pikeman
56:19 Heavy Plow
56:09 Elite Magyar Huszar
57:55 Hoardings
Robin
6:05 Loom
6:38 Loom
9:23 Feudal Age
10:04 Double-Bit Axe
19:48 Castle Age
19:15 Scale Mail Armor
21:09 Chain Mail Armor
23:42 Fletching
24:23 Bodkin Arrow
24:46 Bow Saw
24:44 Horse Collar
26:41 Stone Mining
26:55 Town Watch
31:11 Padded Archer Armor
31:06 Bodkin Arrow
32:37 Leather Archer Armor
34:08 Yeomen
36:47 Imperial Age
34:46 Gold Mining
36:40 Light Cavalry
37:22 Husbandry
37:30 Bracer
38:57 Ballistics
40:05 Scale Barding Armor
40:11 Forging
41:26 Conscription
43:17 Ring Archer Armor
43:12 Cavalier
45:51 Conscription
50:47 Elite Skirmisher
53:07 Wheelbarrow
52:40 Town Patrol
Connection lost

Rejoining the realm…

Still unreachable

The connection could not be restored.

Session expired

The server has moved on; the page needs a fresh start.